 Dungeon Crawl Stone Soup version 0.26-a0-812-g31a745ddcd (webtiles) character file.

Game seed: 4361930771335342874

89 Notrik the Skirmisher (level 4, -3/38 HPs)
             Began as a Formicid Fighter on Nov 13, 2020.
             Killed by nerve-wracking pain
             ... invoked by Grinder
              (14 damage)
             ... on level 3 of the Dungeon.
             The game lasted 00:01:42 (1645 turns).

Notrik the Skirmisher (Formicid Fighter)            Turns: 1645, Time: 00:01:42

Health: -3/38      AC:  7    Str: 22    XL:     4   Next: 84%
Magic:  4/4        EV:  8    Int:  7    God:
Gold:   103        SH:  9    Dex: 10    Spells: 3/3 levels left

rFire    . . .     SeeInvis +   a - +0 war axe
rCold    . . .     Faith    .   c - +0 kite shield
rNeg     . . .     Spirit   .   b - +0 scale mail
rPois    .         Reflect  .   (helmet unavailable)
rElec    .         Harm     .   (no cloak)
rCorr    .         Rampage  .   (no gloves)
MR       .....                  (no boots)
Stlth    ..........             (no amulet)
HPRegen  0.12/turn              (no ring)
MPRegen  0.09/turn              (no ring)

@: no status effects
A: permanent stasis, dig shafts and tunnels, four strong arms, antennae 3
a: Dig, Shaft Self


You were on level 3 of the Dungeon.
You visited 1 branch of the dungeon, and saw 3 of its levels.

You collected 103 gold pieces.

Inventory:

Hand Weapons
 a - a +0 war axe (weapon)
Missiles
 j - 2 throwing nets (quivered) {!f}
Armour
 b - a +0 scale mail (worn)
 c - a +0 kite shield (worn)
Jewellery
 h - an uncursed ring of wizardry {unknown}
   (You found it on level 2 of the Dungeon)
Scrolls
 e - 2 scrolls of fear {unknown}
 f - 4 scrolls of identify {unknown}
 g - a scroll of remove curse {unknown}
 l - a scroll of blinking {unknown}
Potions
 d - a potion of might
 i - a potion of mutation {unknown}
 k - a potion of curing {unknown}


   Skills:
 * Level 4.6 Fighting
 - Level 2.0 Axes
 + Level 4.0 Armour
 + Level 4.4 Shields


You had 3 spell levels left.
You didn't know any spells.
Your spell library was empty.

Dungeon Overview and Level Annotations

Branches:
Dungeon (3/15)

Altars:

Annotations:
D:3 Grinder


Innate Abilities, Weirdness & Mutations

You cannot be hasted, slowed, berserked, paralysed or teleported.
You can dig through walls and to a lower floor.
Your four strong arms can wield two-handed weapons with a shield.
You have a pair of large antennae on your head. (SInv)


Message History

Done exploring.
Done exploring.
There is an escape hatch in the floor here.
You see here a leather armour.
There is a stone staircase leading down here.
You climb downwards.
Found a hand axe.
Found two stone staircases leading down.
There is a stone staircase leading up here.
Found an ivory wand.
Found a twisted brass wand.
Found a stone staircase leading up.
You sense a monster nearby.
A rat comes into view.
A rat is nearby!
A rat is nearby!
Found 8 bolts.
Grinder comes into view.
Grinder shouts!
Grinder gestures at you.
Your stasis prevents you from being paralysed.
You barely miss the rat. The rat barely misses you. The rat bites you.
You closely miss the rat. Grinder gestures at you.
Your stasis prevents you from being paralysed.
You block the rat's attack.
You barely miss the rat. The rat bites you. You block the rat's attack.
Your shield prevents you from hitting the rat.
Grinder says, "My boss said I was rubbish.
His entrails said otherwise."
You block the rat's attack.
You hit the rat.
You kill the rat!
Grinder hits you.
You writhe in agony.
You closely miss Grinder. Grinder hits you.
You closely miss Grinder. You block Grinder's attack. x2
You barely miss Grinder. Grinder gestures at you.
Your stasis prevents you from being paralysed.
You closely miss Grinder. Grinder barely misses you. Grinder hits you!
* * * LOW HITPOINT WARNING * * *
You writhe in agony.
* * * LOW HITPOINT WARNING * * *
You are too injured to fight recklessly!
You hit Grinder but do no damage. Grinder hits you.
* * * LOW HITPOINT WARNING * * *
You writhe in agony.
* * * LOW HITPOINT WARNING * * *
You slash Grinder! Grinder gestures at you. Pain shoots through your body!
You die...

###+#####....<#
#.............#
#.............#
#.....>....)###
#...........#
#...........#
#..../......#
#<.......>..#
#.†@........#
#..../..5.#######
...........#
+#########.# {{
(.# { ...# { ...#
..#


You could see Grinder.

Vanquished Creatures
  An adder (D:2)
  4 gnolls (D:2)
  An ooze (D:1)
  A worm (D:2)
  2 dart slugs
  4 hobgoblins
  A ball python (D:1)
  4 bats (D:1)
  7 goblins (D:1)
  4 kobolds (D:1)
  5 rats
34 creatures vanquished.

Notes
Turn   | Place    | Note
-------+----------+-------------------------------------------
     0 | D:1      | Notrik the Formicid Fighter began the quest for the Orb.
     0 | D:1      | Reached XP level 1. HP: 18/18 MP: 1/1
   106 | D:1      | Reached XP level 2. HP: 23/24 MP: 2/2
   242 | D:1      | Reached XP level 3. HP: 30/30 MP: 3/3
   470 | D:2      | Reached XP level 4. HP: 26/37 MP: 4/4
  1633 | D:3      | Noticed Grinder
  1645 | D:3      | Killed from afar by Grinder

Illustrated notes

Levels and vault maps discovered:
D:1:      dpeg_arrival_court, layout_rooms
D:2:      layout_basic, minmay_misc_feat_diagonals
D:3:      layout_basic, yredelemnul_altar_generic, minmay_pentangle,
          uniq_grinder

Skill      XL: |  1  2  3  4 |
---------------+-------------+-----
Shields        | 4 |  4.4
Fighting       | 4 |  4.6
Armour         | 4 |  4.0
Axes           | |  2.0

Action                   |  1- 3 |  4- 6 || total
-------------------------+-------+-------++-------
Melee: War axe           |    65 |    41 ||   106
Armor: Scale mail        |    37 |     4 ||    41
Dodge: Dodged            |    23 |    14 ||    37
Block: Kite shield       |    43 |    16 ||    59

Table legend: (Time is in decaauts)
 A = Elapsed time spent in this place.
 B = Non-inter-level travel time spent in this place.
 C = Inter-level travel time spent in this place.
 D = Time resting spent in this place.
 E = Time spent auto-exploring this place.
 F = Levels seen in this place.
 G = Mean time per level.
                   A        B        C        D        E       F      G
               +--------+--------+--------+--------+--------+-----+--------+
         Total |   1692 |   1616 |     76 |      0 |   1352 |   3 |  564.0 |
       Dungeon |   1692 |   1616 |     76 |      0 |   1352 |   3 |  564.0 |
               +--------+--------+--------+--------+--------+-----+--------+

Top non-repeatable levels by time:
     D:2: 1187 daAuts
     D:1: 479 daAuts
     D:3: 25 daAuts
